 Dungeon Crawl Stone Soup version 0.30-a0-1018-g25214051b3 (webtiles) character file.

Game seed: 6485400676101993392

201 Jeffwins the Changer (level 6, -1/69 HPs)
             Began as a Human Wanderer on Apr 7, 2023.
             Frozen to death by an endoplasm (3 damage)
             ... on level 4 of the Dungeon.
             The game lasted 00:06:20 (4173 turns).

Jeffwins the Changer (Human Wanderer)               Turns: 4173, Time: 00:06:20

Health: -1/69      AC: 23    Str:  6 (7)  XL:     6   Next: 7%
Magic:  7/10       EV:  2    Int: 15 (16) God:
Gold:   181        SH:  0    Dex: 14 (16) Spells: 9/10 levels left

rFire   . . .      SeeInvis .    g - staff of poison
rCold   . . .      Faith    .    (no shield)
rNeg    . . .      Spirit   .    o - melded +5 ring mail of Slovenliness {Int+3 Dex+3}
rPois   +          Reflect  .    n - melded +0 helmet
rElec   .          Rampage  .    (cloak currently unavailable)
rCorr   .          NoTele   +    (gloves currently unavailable)
Will    .....                    (boots currently unavailable)
Stlth   +                        (no amulet)
HPRegen 0.31/turn                (no ring)
MPRegen 0.12/turn                (no ring)

@: tree-form, very slightly contaminated
A: stationary, stasis, torment immunity, boosted hp, (beak), agile 1, weak 1
a: no special abilities


You were on level 4 of the Dungeon.
You were a tree.
You visited 1 branch of the dungeon, and saw 4 of its levels.

You collected 181 gold pieces.


Innate Abilities, Weirdness & Mutations

You are a tree.
Your roots penetrate the ground, keeping you stationary.
You cannot be teleported.
You are immune to unholy pain and torment.
Your maximum health is greatly increased.
Your equipment is partially melded.
((You have a beak for a mouth.))
You are agile. (Dex +4, Str/Int -1)
You are weak. (Str -2)


   Skills:
 + Level 2.6 Fighting
 * Level 2.6 Spellcasting
 * Level 2.6 Conjurations
 + Level 5.2 Transmutations
 * Level 3.2 Fire Magic


You had 9 spell levels left.
You knew the following spells:

 Your Spells              Type           Power      Damage    Failure   Level
z - Foxfire               Conj/Fire      40%        2x1d6     6%          1

Your spell library contained the following spells:

 Spells                   Type           Power      Damage    Failure   Level
 Beastly Appendage        Tmut           34%        N/A       2%          1
 Passwall                 Tmut/Erth      7%         N/A       11%         2
 Ignite Poison            Fire/Tmut/Pois 15%        N/A       21%         3
 Petrify                  Tmut/Erth      9%         N/A       56%         4

Inventory:

Hand Weapons
 a - a +0 dagger of pain
 q - a +0 rapier
 u - a +0 shortbow
Missiles
 m - 4 poisoned darts (quivered)
Armour
 j - a +0 leather armour
 n - a +0 helmet (melded)
 o - the +5 ring mail of Slovenliness (melded) {Int+3 Dex+3}
   (You found it on level 2 of the Dungeon)

   Int:       It affects your intelligence (+3).
   Dex:       It affects your dexterity (+3).
Magical Staves
 g - a staff of poison (weapon)
 l - a staff of cold
Scrolls
 b - a scroll of fear
 c - a scroll of fog
 d - 3 scrolls of teleportation {@r4}
 f - 2 scrolls of identify {@r1}
 p - a scroll of enchant weapon
 r - a scroll of amnesia
Potions
 e - a potion of haste {@q3}
 h - a potion of lignification {!q}

Dungeon Overview and Level Annotations

Branches:
Dungeon (4/15)
 Temple: D:4-7

Altars:
Ashenzari
Elyvilon

Annotations:
D:3 1 runed translucent door, Crazy Yiuf

........# ........#
........# .......)##
##### ..<......# .....
.........#### ......
............######......
........##.....v.J....?.
........###.####♣S......
...>....###.##.v.#......
.......###.....### .....
#............### .###
##.########.## .. #. #.#
.# #.# . #.. #..


You could see a water moccasin and an endoplasm (ally target).


Message History

You are very lightly contaminated with residual magic.
Nothing appears to happen.
The water moccasin bites you but does no damage.
The endoplasm hits you but does no damage.
The water moccasin bites you.
* * * LOW HITPOINT WARNING * * *
Casting: Foxfire (safe; 6% risk of failure)
Confirm with . or Enter, or press ? or * to list all spells.
You conjure some foxfire!
The endoplasm freezes you.
You are frozen.
* * * LOW HITPOINT WARNING * * *
The water moccasin bites you but does no damage.
Casting: Foxfire (safe; 6% risk of failure)
Confirm with . or Enter, or press ? or * to list all spells.
You miscast Foxfire.
Nothing appears to happen.
The foxfire hits the water moccasin but does no damage.
The water moccasin is severely wounded.
The foxfire hits the water moccasin.
The water moccasin is almost dead.
The water moccasin bites you but does no damage.
The endoplasm hits you.
* * * LOW HITPOINT WARNING * * *
Casting: Foxfire (safe; 6% risk of failure)
Confirm with . or Enter, or press ? or * to list all spells.
You conjure some foxfire!
The water moccasin bites you but does no damage.
The endoplasm freezes you.
You are frozen.
You die...

Skill      XL: |  1  2  3  4  5 |
---------------+----------------+-----
Conjurations   | 1 2 |  2.6
Spellcasting   | 2 |  2.6
Fire Magic     | 3 |  3.2
Fighting       | |  2.6
Transmutations | |  5.2

Action                     |  1- 3 |  4- 6 || total
---------------------------+-------+-------++-------
  Melee: Dagger            |    85 |    37 ||   122
         Punch             |     1 |     1 ||     2
         Rapier            |       |    41 ||    41
   Cast: Foxfire           |    54 |    80 ||   134
    Use: Potion            |       |     6 ||     6
         Scroll            |       |     3 ||     3
   Stab: Sleeping          |     3 |       ||     3
 Armour: Robe              |     7 |       ||     7
         Leather armour    |    20 |       ||    20
         Ring mail         |       |    43 ||    43
         Skin              |       |    22 ||    22
  Dodge: Dodged            |    70 |    44 ||   114

Levels and vault maps discovered:
D:1:      scummos_arrival_simple_crosswalls, layout_loops_ring
D:2:      layout_basic, chequers_ecumenical_altar_simple_redux
D:3:      layout_loops_cross, cheibrodos_ashenzari_chains, elyvilon_altar_4,
          serial_forest, infiniplex_forest_lined_4_way,
          infiniplex_forest_lined_ring, infiniplex_forest_end_1,
          infiniplex_forest_clump_medium, infiniplex_forest_clump_double,
          infiniplex_forest_lined_room_, infiniplex_forest_clump_large,
          infiniplex_forest_straight_5, uniq_ijyb, uniq_crazy_yiuf_cottage
D:4:      layout_rooms, tgw_kikubaaqudgha, sigmund_edmund_badplayer, uniq_edmund

Notes
Turn   | Place    | Note
-------+----------+-------------------------------------------
     0 | D:1      | Jeffwins the Human Wanderer began the quest for the Orb.
     0 | D:1      | Jeffwins set off with the following items: a +0 dagger, a
                  | scroll of fear, a +0 robe, a scroll of teleportation {@r4};
                  | and the following spells available to memorise: Beastly
                  | Appendage, Passwall, Foxfire, Ignite Poison, Petrify.
     0 | D:1      | Reached XP level 1. HP: 16/16 MP: 2/2
     2 | D:1      | Learned a level 1 spell: Foxfire
   171 | D:1      | Reached XP level 2. HP: 22/22 MP: 3/3
   626 | D:1      | Reached skill level 1 in Conjurations
   626 | D:1      | Reached XP level 3. HP: 23/27 MP: 1/5
  1448 | D:2      | Identified the +5 ring mail of Slovenliness {Int+3 Dex+3}
  1717 | D:2      | Reached XP level 4. HP: 34/34 MP: 2/6
  1817 | D:2      | Reached skill level 2 in Spellcasting
  1883 | D:2      | Found a faded altar of an unknown god.
  2615 | D:2      | Reached skill level 2 in Conjurations
  2615 | D:2      | Reached XP level 5. HP: 39/39 MP: 3/8
  2936 | D:3      | Reached skill level 3 in Fire Magic
  3057 | D:3      | Found a broken altar of Ashenzari.
  3065 | D:3      | Noticed Ijyb
  3104 | D:3      | Killed Ijyb
  3445 | D:3      | Found a white marble altar of Elyvilon.
  3491 | D:3      | Reached XP level 6. HP: 30/46 MP: 4/10
  3950 | D:3      | Found a runed translucent door.
  3951 | D:3      | Noticed Crazy Yiuf
  4153 | D:4      | Noticed a water moccasin
  4162 | D:4      | Gained mutation: You are weak. (Str -2) [potion of
                  | mutation]
  4162 | D:4      | Gained mutation: You have a beak for a mouth. [potion of
                  | mutation]
  4162 | D:4      | Gained mutation: You are agile. (Dex +4, Str/Int -1)
                  | [potion of mutation]
  4168 | D:4      | HP: 3/69 [water moccasin (5)]
  4173 | D:4      | Frozen to death by an endoplasm

Vanquished Creatures
  2 orc priests
  Ijyb (D:3)
  5 adders
  2 worms (D:2)
  8 orcs
  3 ball pythons
  5 endoplasms
  5 giant cockroaches
  6 goblins
  7 hobgoblins
  A quokka (D:1)
  3 bats
  2 frilled lizards
  8 kobolds
  6 rats
64 creatures vanquished.

Vanquished Creatures (collateral kills)
  5 foxfires (D:3)
5 creatures vanquished.

Vanquished Creatures (others)
  An orc (D:3)
  A quokka (D:3)
  223 foxfires
  A plant (D:3)
226 creatures vanquished.

Grand Total: 295 creatures vanquished

Table legend: (Time is in decaauts)
 A = Elapsed time spent in this place.
 B = Non-inter-level travel time spent in this place.
 C = Inter-level travel time spent in this place.
 D = Time resting spent in this place.
 E = Time spent auto-exploring this place.
 F = Levels seen in this place.
 G = Mean time per level.
                   A        B        C        D        E       F      G
               +--------+--------+--------+--------+--------+-----+--------+
         Total |   4184 |   4131 |     53 |    211 |   3195 |   4 | 1046.0 |
       Dungeon |   4184 |   4131 |     53 |    211 |   3195 |   4 | 1046.0 |
               +--------+--------+--------+--------+--------+-----+--------+

Top non-repeatable levels by time:
     D:2: 1669 daAuts
     D:3: 1503 daAuts
     D:1: 948 daAuts
     D:4: 63 daAuts

Table legend:
 A = Non-vault XP
 B = Vault XP
 C = Vault XP percentage of total XP
 D = Non-vault monster count
 E = Vault monster count
 F = Vault count percentage of total count
                 A         B        C        D         E       F
            +---------+---------+-------+---------+---------+-------
      Total |     255 |      33 |  11.5 |      63 |       1 |   1.6
            +---------+---------+-------+---------+---------+-------
        D:1 |      48 |       0 |   0.0 |      23 |       0 |   0.0
        D:2 |     107 |       0 |   0.0 |      21 |       0 |   0.0
        D:3 |      99 |      33 |  25.0 |      18 |       1 |   5.3
        D:4 |       1 |       0 |   0.0 |       1 |       0 |   0.0
            +---------+---------+-------+---------+---------+-------
